 Dungeon Crawl Stone Soup version 0.31.0-32-g396128a36d (webtiles) character file.

Game seed: 10253737346771577064

45528 spaghetti the Spry (level 13, 0/109 HPs)
             Began as a Naga Ice Elementalist on Mar 11, 2024.
             Was an Elder of Jiyva.
             Slain by a komodo dragon (7 damage)
             ... while petrified by a basilisk
             ... on level 3 of the Lair of Beasts.
             The game lasted 00:27:06 (13227 turns).

spaghetti the Spry (Naga Ice Elementalist)         Turns: 13227, Time: 00:27:06

Health: 0/109      AC:  7    Str:  9    XL:     13   Next: 84%
Magic:  17/17      EV:  1    Int: 21    God:    Jiyva [****..]
Gold:   506        SH:  0    Dex: 19    Spells: 3/18 levels left

rFire   . . .        l - +2 trident (distort)
rCold   + . .        (no shield)
rNeg    + + +        a - +0 robe
rPois   ∞            w - +2 hat
rElec   .            v - scarf {repulsion}
rCorr   +            (no gloves)
SInv    +            (no barding)
Will    +....        (no amulet)
Stlth   +++          h - ring of protection from cold
HPRegen 1.66/turn    t - +5 ring of evasion
MPRegen 0.79/turn

%: repel missiles
@: petrified, slowed, very slow
A: AC +4, large, see invisible, deformed body, poison resistance, slowness 2,
spit poison 1, naga tail 2, fangs 1, agile 2, clever 1, evolution 1, jelly
sensing items, MP-powered wands
a: Spit Poison, Renounce Religion, Oozemancy, Slimify


You were on level 3 of the Lair of Beasts.
You worshipped Jiyva.
Jiyva was greatly pleased with you.
You visited 2 branches of the dungeon, and saw 15 of its levels.

You collected 506 gold pieces.

Inventory:

Hand Weapons
 k - a +4 spectral quarterstaff
 l - a +2 trident of distortion (weapon)
 z - the +8 flail "Gosenes" {flame, rC+ rCorr}
   (You found it on level 10 of the Dungeon)

   rC+:       It protects you from cold.
   rCorr:     It protects you from acid and corrosion.
Missiles
 n - 3 throwing nets
 x - 2 curare-tipped darts
Armour
 a - a +0 robe (worn)
 j - a +0 cloak
 v - a scarf of repulsion (worn)
 w - a +2 hat (worn)
Jewellery
 h - a ring of protection from cold (left hand)
 t - a +5 ring of evasion (right hand)
 u - a ring of fire
Wands
 m - a wand of iceblast (8)
 q - a wand of flame (22)
 y - a wand of mindburst (7)
 A - a wand of polymorph (6)
Scrolls
 e - a scroll of teleportation
 g - 5 scrolls of immolation
 r - 3 scrolls of noise
 s - 2 scrolls of revelation
 C - a scroll of enchant weapon
 D - 2 scrolls of vulnerability
Potions
 b - 2 potions of magic
 c - 2 potions of resistance
 d - a potion of attraction
 f - 2 potions of curing
 i - a potion of cancellation
 o - a potion of enlightenment {unknown}
 p - a potion of haste


   Skills:
 - Level 5.0 Fighting
 - Level 15.0 Dodging
 - Level 3.0 Stealth
 - Level 3.0 Spellcasting
 + Level 13.9 Summonings
 - Level 5.0 Ice Magic


You had 3 spell levels left.
You knew the following spells:

 Your Spells              Type           Power      Damage    Failure   Level
b - Summon Ice Beast      Ice/Summ       42%        N/A       1%          3
c - Frozen Ramparts       Ice            48%        1d8       4%          3
d - Call Imp              Summ           100%       N/A       1%          2
e - Summon Hydra          Summ           28%        N/A       36%         7

Your spell library contained the following spells:

 Spells                   Type           Power      Damage    Failure   Level
 Freeze                   Ice            96%        1d10      1%          1
 Ozocubu's Armour         Ice            24%        N/A       4%          3
 Sublimation of Blood     Necr           3%         N/A       21%         2
 Fugue of the Fallen      Necr           3%         N/A       36%         3
 Manifold Assault         Tloc           3%         N/A       78%         4


Dungeon Overview and Level Annotations

Branches:
Dungeon (10/15)            Temple (0/1) D:5            Lair (5/5) D:10
 Shoals (0/4) Lair:3        Snake (0/4) Lair:3        Slime (0/5) Lair:5
    Orc: D:9-12

Altars:
Cheibriados
Fedhas
Gozag
Hepliaklqana
Okawaru
Qazlal
Sif Muna
Xom
Yredelemnul
Zin
The Shining One
Jiyva

Shops:
D:6 (   D:9 *

Annotations:
Lair:4 Nessos


Innate Abilities, Weirdness & Mutations

Your serpentine skin is tough. (AC +4)
You have supernaturally acute eyesight. (SInv)
Armour fits poorly on your strangely shaped body.
Your system is resistant to poisons. (rPois)
You cover ground very slowly.
You can spit poison.
You can use your snake-like lower body to constrict enemies.
You have very sharp teeth.
You are very agile. (Dex +8, Str/Int -2)
Your mind is acute. (Int +4, Str/Dex -1)
You have hidden genetic potential.
You have a small jelly attached to you that senses nearby items.
You expend magic power (3 MP) to strengthen your wands.


Message History

You resist with almost no effort.
A thick mucus forms on your +2 trident of distortion.
The komodo dragon barely misses you.
The hornet quivers uncontrollably and liquefies into a jelly!
The komodo dragon closely misses you.
The komodo dragon completely misses you.
The torpor snail bites the jelly!
The torpor snail is burned by acid!
The basilisk closely misses you.
The jelly hits the torpor snail but does no damage.
A thick mucus forms on your +2 trident of distortion.
You will no longer expel jellies when injured.
The komodo dragon closely misses you. The basilisk bites you!
The torpor snail bites the jelly!!
The jelly dies!
The komodo dragon completely misses you.
The basilisk gazes at you.
You are slowing down.
Unknown command.
The basilisk quivers uncontrollably and liquefies into a jelly!
The komodo dragon bites you. The komodo dragon closely misses you.
The komodo dragon bites you!!
You have turned to stone.
The komodo dragon bites you! The komodo dragon bites you!!
The komodo dragon bites you. The torpor snail bites you.
The komodo dragon bites you. The komodo dragon bites you!!
The torpor snail bites you!
* * * LOW HITPOINT WARNING * * *
The komodo dragon bites you!
* * * LOW HITPOINT WARNING * * *
The torpor snail bites you!
* * * LOW HITPOINT WARNING * * *
The komodo dragon bites you!
* * * LOW HITPOINT WARNING * * *
The torpor snail bites you!
* * * LOW HITPOINT WARNING * * *
The komodo dragon hisses menacingly.
The komodo dragon bites you!
* * * LOW HITPOINT WARNING * * *
The komodo dragon bites you!
You die...

..#### ######~?##.## .# ####....#
>.##.###P#.#[$~~≈≈≈##.###.#P.....
...........#!$~~~~≈≈..#.........#
...#......##~~≈~~≈≈..##.........#
~..#.......##≈≈≈≈~≈≈..#.........#
~.......>...#≈≈≈≈≈≈# #.........#
~P..#.....#J##Sw≈S# .#####.#...#
~~♣.#.....#..#.l###..# ##....#
~..#......#....w@J..# ##....
~P........###.###.#### #...#
.........######.###..# ####....
........## #.........# #.##....
#.......# #.........#####.~##~.#
###.###.# #.#....P...#.#P.~~~.~~
##### #.# #.#............~~...~.
.# ##.####.)....P........~#.>.†
## ##...##..........#.PP...~~..~


You could see 2 torpor snails, a komodo dragon, an electric eel and a neutral
jelly (wandering, slow) (fellow slime).

Vanquished Creatures
  A hydra (Lair:3)
  A catoblepas (Lair:5)
  3 nameless horrors (Lair:3)
  A skyshark (Lair:4)
  Pikel (D:7)
  A manticore (Lair:5)
  2 elephants (Lair:1)
  2 black mambas
  4 cane toads
  A torpor snail (Lair:3)
  4 komodo dragons
  3 rime drakes
  3 polar bears
  2 trolls
  A hornet (D:8)
  15 blink frogs
  Grinder (D:3)
  A dream sheep (Lair:3)
  19 yaks
  4 shadows
  2 wraiths (D:10)
  6 wyverns
  A naga (Lair:3)
  7 water moccasins
  2 ice beasts
  An orc warrior (D:9)
  A sky beast (D:7)
  A black bear (D:8)
  6 wolves
  A centaur (D:9)
  3 lemures (D:7)
  A gnoll sergeant (D:5)
  2 kobold brigands
  8 bullfrogs
  A scorpion (D:6)
  5 wights (D:10)
  2 howler monkeys
  A bombardier beetle (D:7)
  3 hounds (D:5)
  4 orc priests
  A gnoll bouda (D:5)
  An iguana (D:5)
  6 orc wizards
  2 spriggan simulacra (Lair:3)
  Robin (D:2)
  13 gnolls
  6 adders
  2 shadow imps (D:7)
  2 white imps
  2 dart slugs
  A ribbon worm (D:3)
  17 orcs
  6 ball pythons
  5 endoplasms
  3 giant cockroaches
  9 goblins
  7 hobgoblins
  5 jackals
  10 kobolds
  3 quokkas
  2 bats (D:1)
  4 frilled lizards (D:1)
236 creatures vanquished.

Vanquished Creatures (collateral kills)
  Gastronok (D:9)
  3 hydras
  A lindwurm (Lair:5)
  2 elephants (Lair:5)
  2 cane toads (Lair:5)
  Jeremiah (D:7)
  3 komodo dragons
  A rime drake (Lair:5)
  Prince Ribbit (D:5)
  3 dream sheep (Lair:3)
  6 blink frogs
  11 yaks
  A wyvern (D:10)
  3 basilisks
  Eustachio (D:5)
  Edmund (D:4)
  A steam dragon (Lair:3)
  6 water moccasins
  An ogre (D:5)
  A lemure (D:7)
  A phantom (D:7)
  A kobold brigand (D:9)
  3 bullfrogs
  A gnoll sergeant (D:5)
  An electric eel (Lair:3)
  An orc priest (D:5)
  A sleepcap (D:6)
  A gnoll bouda (D:5)
  An iguana (D:6)
  Crazy Yiuf (D:4)
  Terence (D:3)
  An orc wizard (D:9)
  A wolf simulacrum (Lair:3)
  7 gnolls
  5 orcs
  A goblin (D:3)
  2 jackals (D:5)
  7 kobolds
87 creatures vanquished.

Vanquished Creatures (others)
  A lindwurm (Lair:5)
  A manticore (Lair:5)
  3 elephants (Lair:5)
  2 cane toads (Lair:5)
  A komodo dragon (Lair:5)
  A yak (Lair:3)
  Menkaure (D:4)
  2 water moccasins
  2 wolves
  2 centaurs
  2 bullfrogs (Lair:2)
  A gnoll sergeant (D:5)
  29 jellies
  A gnoll bouda (D:5)
  An orc priest (D:5)
  4 hounds
  An iguana (D:5)
  An orc wizard (D:9)
  2 adders
  4 gnolls (D:5)
  A ribbon worm (D:3)
  A dart slug (D:3)
  4 orcs
  A giant cockroach (D:3)
  A hobgoblin (D:3)
  7 jackals
  A quokka (D:3)
  A ball python (D:4)
  A bat (D:3)
  A frilled lizard (D:3)
  2 kobolds (D:3)
  3 rats
86 creatures vanquished.

Grand Total: 409 creatures vanquished

Notes
Turn   | Place    | Note
-------+----------+-------------------------------------------
     0 | D:1      | spaghetti the Naga Ice Elementalist began the quest for the
                  | Orb.
     0 | D:1      | Reached XP level 1. HP: 15/15 MP: 3/3
   170 | D:1      | Reached XP level 2. HP: 15/22 MP: 0/5
   481 | D:1      | Reached XP level 3. HP: 18/28 MP: 7/7
   485 | D:1      | Learned a level 3 spell: Summon Ice Beast
   489 | D:1      | Learned a level 3 spell: Frozen Ramparts
  1272 | D:2      | Gained mutation: You are partially covered in iridescent
                  | scales. (AC +2) [potion of mutation]
  1272 | D:2      | Gained mutation: You have an increased reservoir of magic.
                  | (+10% MP) [potion of mutation]
  1272 | D:2      | Gained mutation: You are frail. (-10% HP) [potion of
                  | mutation]
  1284 | D:2      | Reached skill level 1 in Summonings
  1481 | D:2      | Found a faded altar of an unknown god.
  1490 | D:2      | Prayed at the altar of an unknown god.
  1490 | D:2      | Became a worshipper of Jiyva Jaamah the Shapeless
  1490 | D:2      | Reached * piety under Jiyva
  1736 | D:2      | Reached XP level 4. HP: 32/32 MP: 6/9
  1742 | D:2      | Noticed Robin
  1793 | D:2      | Killed Robin
  2318 | D:3      | Reached ** piety under Jiyva
  2382 | D:3      | Noticed Terence
  2390 | D:3      | Killed Terence
  2518 | D:3      | Found an opulent altar of Gozag.
  2554 | D:3      | Noticed Grinder
  2600 | D:3      | Killed Grinder
  2601 | D:3      | Reached skill level 5 in Ice Magic
  2601 | D:3      | Reached XP level 5. HP: 32/37 MP: 6/10
  2601 | D:3      | Reached XP level 6. HP: 38/44 MP: 6/11
  3099 | D:3      | Reached *** piety under Jiyva
  3162 | D:4      | Lost mutation: You are frail. (-10% HP) [Jiyva's grace]
  3162 | D:4      | Gained mutation: Armour fits poorly on your pseudopods.
                  | [Jiyva's grace]
  3162 | D:4      | Gained mutation: Armour fits poorly on your large
                  | pseudopods. [Jiyva's grace]
  3162 | D:4      | Gained mutation: Armour fits poorly on your massive
                  | pseudopods. [Jiyva's grace]
  3162 | D:4      | Gained mutation: You have acidic saliva. [Jiyva's grace]
  3174 | D:4      | Killed Menkaure
  3393 | D:4      | Found a runed translucent door.
  3394 | D:4      | Noticed Crazy Yiuf
  3704 | D:4      | Reached **** piety under Jiyva
  3821 | D:4      | Noticed Edmund
  3832 | D:4      | Killed Edmund
  3833 | D:4      | Reached skill level 5 in Summonings
  4041 | D:4      | Killed Crazy Yiuf
  4114 | D:5      | Entered Level 5 of the Dungeon
  4124 | D:5      | Reached XP level 7. HP: 53/56 MP: 12/12
  4143 | D:5      | Reached skill level 1 in Fighting
  4292 | D:5      | Reached XP level 8. HP: 73/73 MP: 7/13
  4295 | D:5      | Reached skill level 5 in Fighting
  4336 | D:5      | Found a staircase to the Ecumenical Temple.
  4353 | D:5      | Noticed Prince Ribbit
  4355 | D:5      | Reached skill level 2 in Dodging
  4492 | D:5      | Noticed Eustachio
  4502 | D:5      | Killed Eustachio
  4503 | D:5      | Reached skill level 3 in Dodging
  4626 | D:5      | Killed Prince Ribbit
  4627 | D:5      | Reached skill level 4 in Dodging
  5007 | D:6      | Found Qiyfoimn's Weapon Boutique.
  5029 | D:6      | Reached ***** piety under Jiyva
  5053 | D:6      | Reached skill level 5 in Dodging
  5065 | D:6      | Found a shimmering blue altar of Sif Muna.
  5076 | D:6      | Lost mutation: You are partially covered in iridescent
                  | scales. (AC +2) [Jiyva's grace]
  5076 | D:6      | Lost mutation: You have an increased reservoir of magic.
                  | (+10% MP) [Jiyva's grace]
  5076 | D:6      | Gained mutation: You have very sharp teeth. [Jiyva's grace]
  5076 | D:6      | Gained mutation: You have extremely sharp teeth. [Jiyva's
                  | grace]
  5076 | D:6      | Gained mutation: You have razor-sharp teeth. [Jiyva's
                  | grace]
  5076 | D:6      | Gained mutation: Your movements are slightly less
                  | encumbered by armour. (ER -2) [Jiyva's grace]
  5102 | D:6      | Reached XP level 9. HP: 79/81 MP: 13/13
  5277 | D:6      | Found a blossoming altar of Fedhas.
  5288 | D:6      | Reached skill level 6 in Dodging
  5633 | D:7      | Found a glowing golden altar of the Shining One.
  5649 | D:7      | Reached skill level 7 in Dodging
  5877 | D:7      | Noticed Jeremiah
  5881 | D:7      | Found a snail-covered altar of Cheibriados.
  5945 | D:7      | Killed Jeremiah
  5946 | D:7      | Reached skill level 8 in Dodging
  6148 | D:7      | Noticed Pikel
  6181 | D:7      | Killed Pikel
  6182 | D:7      | Reached skill level 9 in Dodging
  6182 | D:7      | Reached XP level 10. HP: 81/88 MP: 12/14
  6268 | D:7      | Found a glowing silver altar of Zin.
  6520 | D:7      | Found an iron altar of Okawaru.
  6822 | D:8      | Found a basalt altar of Yredelemnul.
  7264 | D:8      | Found a hazy altar of Hepliaklqana.
  7337 | D:9      | Reached skill level 10 in Dodging
  7350 | D:9      | Noticed Gastronok
  7386 | D:9      | Killed Gastronok
  7451 | D:9      | Reached skill level 11 in Dodging
  7572 | D:9      | Reached ****** piety under Jiyva
  7572 | D:9      | Lost mutation: You have razor-sharp teeth. [Jiyva's grace]
  7572 | D:9      | Lost mutation: You have extremely sharp teeth. [Jiyva's
                  | grace]
  7572 | D:9      | Lost mutation: Armour fits poorly on your massive
                  | pseudopods. [Jiyva's grace]
  7572 | D:9      | Gained mutation: You can exhale a cloud of poison. [Jiyva's
                  | grace]
  7572 | D:9      | Gained mutation: Armour fits poorly on your massive
                  | pseudopods. [Jiyva's grace]
  7572 | D:9      | Gained mutation: Your mind is acute. (Int +4, Str/Dex -1)
                  | [Jiyva's grace]
  7572 | D:9      | Gained mutation: Your mind is very acute. (Int +8, Str/Dex
                  | -2) [Jiyva's grace]
  7576 | D:9      | Found Tomatafa's Changing Room.
  7804 | D:10     | Entered Level 10 of the Dungeon
  7931 | D:10     | Identified the +8 flail "Gosenes" {flame, rC+ rCorr}
  8045 | D:10     | Reached XP level 11. HP: 39/94 MP: 15/15
  8181 | D:10     | Reached skill level 12 in Dodging
  8334 | D:10     | Found a staircase to the Lair.
  8532 | D:10     | Found a shimmering altar of Xom.
  8851 | Lair:1   | Entered Level 1 of the Lair of Beasts
  9039 | Lair:1   | Reached skill level 13 in Dodging
  9077 | Lair:1   | Learned a level 2 spell: Call Imp
  9085 | Lair:1   | Learned a level 7 spell: Summon Hydra
  9277 | Lair:1   | Reached XP level 12. HP: 103/103 MP: 16/16
  9746 | Lair:2   | Lost mutation: Your mind is very acute. (Int +8, Str/Dex
                  | -2) [Jiyva's grace]
  9746 | Lair:2   | Lost mutation: You can exhale a cloud of poison. [Jiyva's
                  | grace]
  9746 | Lair:2   | Lost mutation: You have acidic saliva. [Jiyva's grace]
  9746 | Lair:2   | Lost mutation: Armour fits poorly on your massive
                  | pseudopods. [Jiyva's grace]
  9746 | Lair:2   | Lost mutation: Armour fits poorly on your large pseudopods.
                  | [Jiyva's grace]
  9746 | Lair:2   | Gained mutation: You have a small jelly attached to you
                  | that senses nearby items. [Jiyva's grace]
  9746 | Lair:2   | Gained mutation: You are somewhat resistant to further
                  | mutation. [Jiyva's grace]
  9746 | Lair:2   | Gained mutation: You are somewhat resistant to both further
                  | mutation and mutation removal. [Jiyva's grace]
  9746 | Lair:2   | Gained mutation: You are almost entirely resistant to
                  | further mutation and mutation removal. [Jiyva's grace]
  9906 | Lair:2   | Reached skill level 14 in Dodging
 10388 | Lair:3   | Noticed a five-headed hydra
 10392 | Lair:3   | Slimified a five-headed hydra
 10392 | Lair:3   | a five-headed hydra changed into a slime creature
 10590 | Lair:3   | You fall into a shaft and drop 2 floors!
 10590 | Lair:5   | Entered Level 5 of the Lair of Beasts
 10622 | Lair:5   | Noticed a boulder beetle
 10642 | Lair:5   | Slimified a boulder beetle
 10642 | Lair:5   | a boulder beetle changed into an azure jelly
 10642 | Lair:5   | Noticed an azure jelly
 10819 | Lair:5   | Noticed a four-headed hydra
 10832 | Lair:5   | Killed a four-headed hydra
 10932 | Lair:5   | Noticed a five-headed hydra
 10938 | Lair:5   | Killed a five-headed hydra
 11009 | Lair:5   | Reached skill level 10 in Summonings
 11057 | Lair:5   | Gained mutation: You can use your snake-like lower body to
                  | constrict enemies. [Naga growth]
 11057 | Lair:5   | Reached XP level 13. HP: 77/109 MP: 17/17
 11100 | Lair:5   | Found a staircase to the Slime Pits.
 11240 | Lair:5   | Reached skill level 15 in Dodging
 11263 | Lair:5   | Noticed a dire elephant
 11280 | Lair:5   | Slimified a dire elephant
 11280 | Lair:5   | a dire elephant changed into an azure jelly
 11280 | Lair:5   | Noticed an azure jelly
 11502 | Lair:5   | a five-headed hydra changed into an acid blob
 11502 | Lair:5   | Noticed an acid blob
 11520 | Lair:5   | Got an earthy gem with 355 turns to spare
 11591 | Lair:5   | Lost mutation: Armour fits poorly on your pseudopods.
                  | [Jiyva's grace]
 11591 | Lair:5   | Lost mutation: Your movements are slightly less encumbered
                  | by armour. (ER -2) [Jiyva's grace]
 11591 | Lair:5   | Gained mutation: You expend magic power (3 MP) to
                  | strengthen your wands. [Jiyva's grace]
 11591 | Lair:5   | Gained mutation: You are agile. (Dex +4, Str/Int -1)
                  | [Jiyva's grace]
 11591 | Lair:5   | Gained mutation: You are very agile. (Dex +8, Str/Int -2)
                  | [Jiyva's grace]
 11591 | Lair:5   | Lost mutation: You are almost entirely resistant to further
                  | mutation and mutation removal. [Jiyva's grace]
 11591 | Lair:5   | Lost mutation: You are somewhat resistant to both further
                  | mutation and mutation removal. [Jiyva's grace]
 11591 | Lair:5   | Lost mutation: You are somewhat resistant to further
                  | mutation. [Jiyva's grace]
 11591 | Lair:5   | Gained mutation: You have hidden genetic potential.
                  | [Jiyva's grace]
 11956 | Lair:4   | Noticed Nessos
 11960 | Lair:4   | Noticed a nameless horror
 12413 | Lair:3   | Found a staircase to the Snake Pit.
 12426 | Lair:3   | Found a stormy altar of Qazlal.
 12596 | Lair:3   | Noticed a nameless horror
 12738 | Lair:3   | Noticed a nameless horror
 12747 | Lair:3   | Killed a nameless horror
 12799 | Lair:3   | Killed a nameless horror
 13023 | Lair:3   | Found a staircase to the Shoals.
 13226 | Lair:3   | HP: 5/109 [komodo dragon (3)]
 13227 | Lair:3   | Slain by a komodo dragon

Illustrated notes

Levels and vault maps discovered:
D:1:      dpeg_arrival_triangle_fractal, layout_basic
D:2:      layout_basic, hellmonk_ecumenical_altar_blasted, uniq_robin
D:3:      layout_loops_corners, nicolae_overflow_crystal_walls, uniq_terence,
          uniq_grinder
D:4:      layout_loops_corners, uniq_edmund, uniq_crazy_yiuf_cottage,
          uniq_menkaure
D:5:      layout_cave_pools, minmay_temple_entry_junction_2, serial_gnoll_camp,
          gnoll_camp_mini_house, gnoll_camp_mini_house, gnoll_camp_mini_hut,
          gnoll_camp_huts_basic, gnoll_camp_mini_doghouse, uniq_eustachio,
          uniq_prince_ribbit1
D:6:      layout_basic, lemuel_crystal_altar, mainiacjoe_overflow_cross_hatched,
          serial_shops, nicolae_take_the_stairs
D:7:      layout_loops_cross, lemuel_crystal_altar, zin_treasury,
          mainiacjoe_overflow_alcove_2, cheibriados_altar_1,
          kennysheep_windowed_goal, uniq_pikel, uniq_jeremiah
D:8:      layout_loops_ring, mainiacjoe_overflow_brackets, marbit_many_paths
D:9:      layout_rooms, nicolae_transmutations_shop,
          dreamdust_mushroom_princess, minmay_misc_feat_chi, uniq_gastronok
D:10:     layout_loops_corners, tgw_xom, minmay_lair_entry_grove, serial_rivers,
          chequers_serial_rivers_micro_c, chequers_serial_rivers_micro_b,
          chequers_serial_rivers_marsh, chequers_serial_rivers_micro_b,
          chequers_serial_rivers_micro_a
Lair:1:   layout_roguey, serial_bayou_shore_b, grunt_megastairs_5,
          lemuel_fruit_tree
Lair:2:   layout_roguey, grunt_megastairs_1
Lair:3:   dreamdust_isle_of_ice, layout_chaotic_city, elwin_shoals_entry_rocks,
          guppyfry_snake_entry_island, basic_altar, serial_bayou,
          serial_bayou_pond_d, serial_bayou_shore_b, serial_bayou_pond_b,
          pdpol_lair_cavern_descent
Lair:4:   layout_loops_ring, uniq_nessos
Lair:5:   hangedman_lair_in_review, layout_hall_layers, slime_entry_1

Skill      XL: |  1  2  3  4  5  6  7  8  9 10 11 12 13 |
---------------+----------------------------------------+-----
Spellcasting   | 3 |  3.0
Summonings     | 1 4 6 7 10 13 | 13.9
Ice Magic      | 5 |  5.0
Fighting       | 4 5 |  5.0
Dodging        | 5 9 11 13 14 15 | 15.0
Stealth        | |  3.0

Action                     |  1- 3 |  4- 6 |  7- 9 | 10-12 | 13-15 || total
---------------------------+-------+-------+-------+-------+-------++-------
  Melee: Unarmed           |   114 |    47 |       |       |       ||   161
         Pseudopods        |       |     4 |    20 |    73 |    11 ||   108
         Quarterstaff      |       |     3 |    21 |       |       ||    24
         Bite              |       |     2 |     9 |    33 |    38 ||    82
         Trident           |       |       |   136 |   388 |   209 ||   733
         Punch             |       |       |     1 |     2 |     5 ||     8
         Constrict         |       |       |       |       |    40 ||    40
   Cast: Freeze            |    30 |    25 |    17 |       |       ||    72
         Summon Ice Beast  |     2 |     9 |    29 |    67 |    23 ||   130
         Frozen Ramparts   |       |     5 |    19 |    27 |     9 ||    60
         Call Imp          |       |       |       |    24 |    12 ||    36
         Summon Hydra      |       |       |       |       |     4 ||     4
 Invoke: Slimify           |       |       |       |     2 |     7 ||     9
         Oozemancy         |       |       |       |       |     1 ||     1
Ability: Spit Poison       |     1 |     6 |     1 |     2 |       ||    10
         Breathe Poison Ga |       |       |       |     6 |       ||     6
  Evoke: Wand              |       |       |       |     2 |     1 ||     3
    Use: Scroll            |     3 |       |     5 |     8 |     5 ||    21
         Potion            |     4 |     1 |     2 |     5 |       ||    12
   Stab: Sleeping          |     8 |       |     2 |     1 |     2 ||    13
         Distracted        |       |       |       |     2 |     3 ||     5
         Petrified         |       |       |       |       |     3 ||     3
 Armour: Robe              |   111 |    57 |   142 |   300 |   164 ||   774
  Dodge: Dodged            |    66 |    35 |    93 |   362 |   335 ||   891
         Repelled          |       |       |       |       |     7 ||     7
